 Dungeon Crawl Stone Soup version 0.19-a0-1720-gc855d72 (webtiles) character file.

938 Amnesiac the Covert (level 7, -8/36 HPs)
             Began as a Deep Elf Enchanter on Sept 29, 2016.
             Mangled by a mummy (16 damage)
             ... in an ossuary.
             The game lasted 00:05:34 (1846 turns).

Amnesiac the Covert (Deep Elf Enchanter)            Turns: 1846, Time: 00:05:35

Health: -8/36      AC:  4    Str:  9    XL:     7   Next: 87%
Magic:  2/13       EV: 13    Int: 20    God:
Gold:   18         SH:  0    Dex: 17    Spells: 4 memorised, 3 levels left

rFire  . . .     SeeInvis .     a - +1 dagger
rCold  . . .     Gourm    .     b - +1 robe
rNeg   . . .     Faith    .     (no shield)
rPois  .         Spirit   .     (no helmet)
rElec  .         Dismiss  .     (no cloak)
rCorr  .         Reflect  .     (no gloves)
MR     .....     Harm     .     (no boots)
Stlth  +++++.....               e - amulet of magic regeneration
                                (no ring)
                                j - +4 ring of strength

@: very slightly contaminated
A: no striking features
a: no special abilities


You were in an ossuary.
You were very hungry.

You visited 1 branch of the dungeon, and saw 5 of its levels.
You also visited: Ossuary.

You collected 18 gold pieces.

Inventory:

Hand Weapons
 a - a +1 dagger (weapon)
Armour
 b - a +1 robe (worn)
Jewellery
 e - an amulet of magic regeneration (around neck)
 j - a +4 ring of strength (left hand)
Scrolls
 g - 3 scrolls of identify {unknown}
 h - 2 scrolls of teleportation {unknown}
 l - a scroll of fog {unknown}
Books
 c - a book of Maledictions

   Spells                             Type                      Level
   a - Corona                         Hexes                        1
   b - Ensorcelled Hibernation        Hexes/Ice                    2
   c - Confuse                        Hexes                        3
   d - Tukima's Dance                 Hexes                        3
   e - Dazzling Spray                 Conjuration/Hexes            3
 k - a book of Alchemy

   Spells                             Type                      Level
   a - Sublimation of Blood           Necromancy                   2
   b - Ignite Poison                  Fire/Transmutation/Poison    3
   c - Petrify                        Transmutation/Earth          4
   d - Alistair's Intoxication        Transmutation/Poison         5
   e - Irradiate                      Conjuration/Transmutation    5
Comestibles
 d - a bread ration


   Skills:
 - Level 1.0 Short Blades
 - Level 2.4 Dodging
 - Level 11.6 Stealth
 - Level 3.0 Spellcasting
 + Level 5.2 Hexes


You had 3 spell levels left.
You knew the following spells:

 Your Spells              Type           Power        Failure   Level  Hunger
a - Corona                Hex            ###....      1%          1    None
b - Tukima's Dance        Hex            ###.....     6%          3    ###....
e - Confuse               Hex            ###.....     6%          3    ###....
f - Ensorcelled Hibernat  Hex/Ice        ##....       10%         2    ##.....


Dungeon Overview and Level Annotations

Branches:
Dungeon (5/15)
 Temple: D:4-7

Altars:

Shops:
D:4 :

Annotations:
D:3 PeterLawrence's ghost, amateur MiFi
D:4 Blork the orc


Message History

Aiming: Confuse
Press: ? - help, Shift-Dir - straight line, f/p - elf zombie
Aim: an elf zombie (chance to defeat MR: 62%)
The elf zombie appears confused.
The kobold zombie closely misses you.
The rat zombie bites you but does no damage.
The human zombie hits the mummy!
The elf zombie hits the human zombie.
Unknown command.
Casting: Confuse
Confirm with . or Enter, or press ? or * to list all spells.
You don't have enough magic to cast that spell.
Unknown command.
You aren't carrying any potions.
Unknown command.
You hit the kobold zombie.
The kobold zombie is moderately damaged.
The kobold zombie hits you but does no damage. x2
The human zombie completely misses the elf zombie.
The rat zombie bites you but does no damage.
The mummy hits you!
You die...

#...# ##.... #...
#...# #..... #...
#...# #...... #...
#...# #.∩.....#...
#...# #... #...# #...
#...# #...
#..Z##############...
#.ZZ@ZZ.M.....Z..Z...
#..ZZMZ...∩∩.........
#####################


You could see 2 mummies, 2 rat zombies, 2 kobold zombies, an orc zombie, an elf
zombie (confused) and 2 human zombies.

Vanquished Creatures
  Pikel (D:4)
  Grinder (D:4)
  A slave (D:4)
  An elf zombie (Ossuary)
  A scorpion (D:4)
  A centaur zombie (Ossuary)
  A bullfrog skeleton (D:4)
  Jessica (D:3)
  2 worker ants (D:4)
  2 adders
  An adder zombie (Ossuary)
  2 leopard geckos
  An orc (D:4)
  A bat (D:1)
  A hobgoblin (D:1)
  2 jackals
  A quokka (D:4)
  5 hobgoblin zombies (Ossuary)
  A jackal zombie (Ossuary)
  2 kobolds
  7 kobold zombies (Ossuary)
  10 orc zombies (Ossuary)
  A rat (D:1)
47 creatures vanquished.

Notes
Turn   | Place    | Note
-------+----------+-------------------------------------------
     0 | D:1      | Amnesiac the Deep Elf Enchanter began the quest for the Orb.
     0 | D:1      | Reached XP level 1. HP: 10/10 MP: 6/6
    78 | D:2      | Reached skill level 4 in Stealth
   330 | D:1      | Reached XP level 2. HP: 13/15 MP: 6/8
   334 | D:1      | Learned a level 2 spell: Ensorcelled Hibernation
   413 | D:3      | Noticed PeterLawrence's ghost (amateur MiFi)
   709 | D:3      | Reached skill level 5 in Stealth
   711 | D:3      | Noticed Jessica
   715 | D:3      | Killed Jessica
   715 | D:3      | Reached XP level 3. HP: 19/19 MP: 9/9
   722 | D:3      | Learned a level 3 spell: Confuse
   770 | D:4      | Noticed a scorpion
   826 | D:4      | Killed a scorpion
   826 | D:4      | Reached skill level 6 in Stealth
   826 | D:4      | Reached XP level 4. HP: 19/24 MP: 0/10
   889 | D:4      | Noticed Grinder
   890 | D:4      | Paralysed by Grinder for 7 turns
   929 | D:4      | Killed Grinder
   929 | D:4      | Reached skill level 8 in Stealth
   929 | D:4      | Reached XP level 5. HP: 21/28 MP: 9/11
   929 | D:4      | Reached XP level 6. HP: 24/32 MP: 9/12
   934 | D:4      | Learned a level 3 spell: Tukima's Dance
  1018 | D:4      | Found Wuamurche's Book Boutique.
  1059 | D:4      | Reached skill level 9 in Stealth
  1099 | D:4      | Noticed Blork the orc
  1187 | D:4      | You fall through a shaft!
  1187 | D:5      | Entered Level 5 of the Dungeon
  1247 | D:4      | Found a sand-covered staircase.
  1247 | D:4      | Noticed Pikel
  1247 | D:4      | Noticed a slave
  1248 | D:4      | Noticed a slave
  1249 | D:4      | Noticed a slave
  1249 | D:4      | Noticed a slave
  1251 | D:4      | Killed a slave
  1297 | D:4      | Killed Pikel
  1297 | D:4      | Reached skill level 11 in Stealth
  1297 | D:4      | Reached XP level 7. HP: 12/36 MP: 8/13
  1351 | Ossuary  | Entered an ossuary
  1827 | Ossuary  | Reached skill level 5 in Hexes
  1846 | Ossuary  | Mangled by a mummy

Vault maps used:
D:1:      kennysheep_arrival_seaside, roderic_curled_sauvastika, minivault_27
D:2:      bh_chokoban
D:3:      corexii_shack_village, uniq_jessica, uniq_sigmund, uniq_terence,
          uniq_iyjb
D:4:      serial_shops, nicolae_shop_trees, nicolae_ossuary_entry_ruins,
          uniq_blork_the_orc, uniq_grinder, uniq_pikel
D:5:      first_bread, kennysheep_big_empty_room
Ossuary:  ossuary_tomb_1

Skill      XL: |  1  2  3  4  5  6  7 |
---------------+----------------------+-----
Stealth        | 4 5 6 8 11 | 11.6
Hexes          | 5 |  5.2
Short Blades   | |  1.0
Dodging        | |  2.4
Spellcasting   | |  3.0

Action                   |  1- 3 |  4- 6 |  7- 9 || total
-------------------------+-------+-------+-------++-------
Melee: Dagger            |    33 |    23 |   102 ||   158
 Cast: Corona            |     5 |       |       ||     5
       Ensorcelled Hiber |     6 |     6 |       ||    12
       Confuse           |     2 |    10 |    12 ||    24
  Use: Potion            |       |     3 |       ||     3
 Stab: Sleeping          |     8 |     6 |     5 ||    19
       Confused          |     1 |     5 |     5 ||    11
  Eat: Meat ration       |       |     1 |       ||     1
Armor: Robe              |    13 |       |    37 ||    50
Dodge: Dodged            |    24 |    13 |    86 ||   123
